 Dungeon Crawl Stone Soup version 0.31-a0-229-g1fc7ce93e2 (webtiles) character file.

Game seed: 14610787135906908108

191 qw the Shooter (level 5, -6/45 HPs)
             Began as a Minotaur Hexslinger on July 6, 2023.
             Mangled by an ogre
             ... wielding a +0 giant spiked club
              (16 damage)
             ... on level 5 of the Dungeon.
             The game lasted 00:01:05 (2753 turns).

qw the Shooter (Minotaur Hexslinger)                Turns: 2753, Time: 00:01:06

Health: -6/45      AC:  6    Str: 11 (13) XL:     5   Next: 42%
Magic:  5/5        EV: 10    Int:  7 (10) God:
Gold:   161        SH:  0    Dex: 13 (14) Spells: 5/6 levels left

rFire   . . .        Y - +2 sling
rCold   + . .        (no shield)
rNeg    . . .        f - +0 ring mail
rPois   .            (helmet restricted)
rElec   .            (no cloak)
rCorr   .            k - +0 pair of gloves
SInv    .            (no boots)
Will    .....        c - amulet of faith
Stlth   +            d - ring of protection from cold
HPRegen 0.27/turn    (no ring)
MPRegen 0.09/turn

%: faith
@: no status effects
A: horns 2, retaliatory headbutt
a: no special abilities


You were on level 5 of the Dungeon.
You visited 1 branch of the dungeon, and saw 5 of its levels.

You collected 161 gold pieces.


Innate Abilities, Weirdness & Mutations

You have a pair of horns on your head.
You reflexively headbutt those who attack you in melee.


   Skills:
 - Level 3.2 Fighting
 - Level 5.6 Ranged Weapons
 + Level 0.0 Armour
 - Level 2.1 Dodging
 - Level 1.0 Spellcasting
 - Level 2.0 Hexes


You had 5 spell levels left.
You knew the following spells:

 Your Spells              Type           Power      Damage    Failure   Level
a - Slow                  Hex            12%        N/A       41%         1

Your spell library contained the following spells:

 Spells                   Type           Power      Damage    Failure   Level
 Inner Flame              Hex/Fire       1%         N/A       90%         3
 Portal Projectile        Hex/Tloc       2%         N/A       90%         3
 Cause Fear               Hex            1%         N/A       99%         4

Inventory:

Hand Weapons
 Y - a +2 sling (weapon)
Armour
 f - a +0 ring mail (worn)
 k - a +0 pair of gloves (worn)
Jewellery
 c - an amulet of faith (around neck)
 d - a ring of protection from cold (left hand)
Scrolls
 b - 2 scrolls of identify
Potions
 a - a potion of enlightenment
 e - 2 potions of haste
 g - 3 potions of curing
 i - 3 potions of might

Dungeon Overview and Level Annotations

Branches:
Dungeon (5/15)
 Temple: D:4-7

Altars:
Ashenzari
Gozag
Makhleb


Message History

You finish putting on your +0 ring mail.
2715 ||| DROPPING +0 leather armour.
You drop a +0 leather armour.
2716 ||| UPGRADING to +0 pair of gloves.
You start putting on your armour.
You continue putting on your +0 pair of gloves. x4
You finish putting on your +0 pair of gloves.
Done exploring.
2721 ||| DROPPING amulet of guardian spirit.
You drop an amulet of guardian spirit.
Done exploring.
2722 ||| DRINKING 2 fuming brown potions.
It was a potion of degeneration.
There was something very wrong with that liquid.
You feel weakened.
You feel dopey.
You feel clumsy.
Done exploring.
2723 ||| DROPPING potion of degeneration.
You drop a potion of degeneration.
Done exploring.
(D) Dungeon
Where to? (* - list waypoints, Enter - D:4, ? - help)
What level of the Dungeon? (default 1, ? - help)
There is a stone staircase leading up here.
There is a stone staircase leading down here.
You climb downwards.
The ogre shouts!
Found a ring mail.
There is a stone staircase leading up here.
There are monsters nearby!
Waypoint 4 assigned to D:5.
You shoot a sling bullet. The sling bullet hits the ogre.
The ogre is lightly wounded.
You shoot a sling bullet. The sling bullet hits the ogre.
The ogre is moderately wounded.
A scorpion comes into view.
The ogre hits you with a +0 giant spiked club!!!
Ouch! That really hurt!
2753 ||| STAIRDANCE The orc barely misses you.
The ogre hits you with a +0 giant spiked club!
You die...

...............
...............
....s....~..~~~
.........~~.~ .
...[.......~.~~
.........~7~~.~
.......O.~~~~~~
......o@.~~..~7
.........~~~.7.
#.........~.7..
#########.~....
.###.. .# # . #


You could see an ogre, a scorpion and an orc.

Vanquished Creatures
  A howler monkey (D:4)
  A hound (D:4)
  4 adders
  A worm (D:4)
  A dart slug (D:4)
  5 orcs
  4 ball pythons
  7 endoplasms
  5 giant cockroaches
  6 goblins
  4 hobgoblins
  10 jackals
  3 kobolds
  5 quokkas
  4 bats
  6 frilled lizards
  4 rats
71 creatures vanquished.

Notes
Turn   | Place    | Note
-------+----------+-------------------------------------------
     0 | D:1      | qw the Minotaur Hexslinger began the quest for the Orb.
     0 | D:1      | Reached XP level 1. HP: 16/16 MP: 1/1
     0 | D:1      | 0 ||| qw: Version: 0.3-a-46-gb1f654a
     0 | D:1      | 0 ||| qw: Game counter: 1097
     0 | D:1      | 0 ||| qw: Melee chars always use a shield: true
     0 | D:1      | 0 ||| qw: God list: Okawaru
     0 | D:1      | 0 ||| qw: Allow faded altars: false
     0 | D:1      | 0 ||| qw: Do Orc after clearing Dungeon:15 true
     0 | D:1      | 0 ||| qw: Do second Lair branch before Depths: true
     0 | D:1      | 0 ||| qw: Lair rune preference: random
     0 | D:1      | 0 ||| qw: Goals: Normal
     0 | D:1      | 0 ||| PLANNING D:1-11
    64 | D:1      | Found a faded altar of an unknown god.
    72 | D:1      | 72 ||| FLEEEEING.
    76 | D:1      | 76 ||| FLEEEEING.
    77 | D:1      | 77 ||| FLEEEEING.
   103 | D:1      | Reached skill level 3 in Ranged Weapons
   111 | D:1      | Reached XP level 2. HP: 23/23 MP: 2/2
   648 | D:1      | 648 ||| UPGRADING to ring of protection from cold.
   649 | D:1      | 649 ||| READING scroll labelled ZAUZEW VUXUU.
   650 | D:1      | 650 ||| READING scroll labelled NIRUHO ZIPRUGG.
   651 | D:1      | 651 ||| READING scroll labelled ZUBASY URATE.
   652 | D:1      | 652 ||| DRINKING 2 bubbling emerald potions.
   653 | D:1      | 653 ||| DRINKING 2 bubbling cyan potions.
   654 | D:1      | 654 ||| DROPPING scroll of poison.
   663 | D:2      | Reached XP level 3. HP: 29/29 MP: 3/3
   666 | D:2      | 666 ||| STAIRDANCE
   838 | D:2      | Reached skill level 4 in Ranged Weapons
  1009 | D:2      | Found a burning altar of Makhleb.
  1154 | D:2      | 1154 ||| UPGRADING to +0 leather armour.
  1164 | D:2      | 1164 ||| DROPPING +0 robe.
  1165 | D:2      | 1165 ||| READING scroll labelled FETWEU YMNUK.
  1266 | D:2      | 1266 ||| READING scroll labelled XUDDUY FUAMYTS.
  1269 | D:2      | 1269 ||| READING scroll labelled GOLLEJ IKKOG.
  1270 | D:2      | 1270 ||| DRINKING 2 metallic black potions.
  1271 | D:2      | 1271 ||| READING 5 scrolls of identify.
  1271 | D:2      | 1271 ||| IDENTIFYING red potion
  1272 | D:2      | 1272 ||| READING 4 scrolls of identify.
  1272 | D:2      | 1272 ||| IDENTIFYING orange potion
  1273 | D:2      | 1273 ||| DROPPING potion of attraction.
  1371 | D:3      | Reached XP level 4. HP: 36/36 MP: 4/4
  1587 | D:3      | Reached skill level 5 in Ranged Weapons
  1605 | D:3      | Found an opulent altar of Gozag.
  1743 | D:3      | 1743 ||| UPGRADING to amulet of faith.
  1748 | D:3      | 1748 ||| DROPPING ring of magical power.
  1749 | D:3      | 1749 ||| READING scroll labelled BAOLAON ZOURPH.
  1750 | D:3      | 1750 ||| DRINKING 3 coppery potions.
  1751 | D:3      | 1751 ||| READING 3 scrolls of identify.
  1751 | D:3      | 1751 ||| IDENTIFYING brown potion
  1752 | D:3      | 1752 ||| DROPPING potion of brilliance.
  1857 | D:4      | Reached skill level 3 in Fighting
  1887 | D:4      | Reached XP level 5. HP: 45/45 MP: 5/5
  1893 | D:4      | HP: 11/45 [orc priest/divine providence (11)]
  1894 | D:4      | 1894 ||| READING scroll of teleportation.
  1895 | D:4      | 1895 ||| DRINKING potion of heal wounds.
  2357 | D:4      | Found a broken altar of Ashenzari.
  2705 | D:4      | 2705 ||| UPGRADING to +0 ring mail.
  2715 | D:4      | 2715 ||| DROPPING +0 leather armour.
  2716 | D:4      | 2716 ||| UPGRADING to +0 pair of gloves.
  2721 | D:4      | 2721 ||| DROPPING amulet of guardian spirit.
  2722 | D:4      | 2722 ||| DRINKING 2 fuming brown potions.
  2723 | D:4      | 2723 ||| DROPPING potion of degeneration.
  2750 | D:5      | Entered Level 5 of the Dungeon
  2750 | D:5      | Noticed an ogre
  2752 | D:5      | HP: 9/45 [ogre/+0 giant spiked club (36)]
  2753 | D:5      | 2753 ||| STAIRDANCE
  2753 | D:5      | Mangled by an ogre

Levels and vault maps discovered:
D:1:      dpeg_arrival_arbitrary_c, layout_basic,
          dreamdust_ecumenical_altar_statues, serial_bayou_pond_b
D:2:      layout_rooms, basic_altar
D:3:      layout_rooms, grunt_gozag_statues, nicolae_kite_square_tiling_tiny,
          ebering_dispersal_statue_hall
D:4:      layout_basic, nicolae_ashenzari_panopticon
D:5:      layout_basic, lemuel_crystal_altar, temple_fountains, serial_rivers,
          chequers_serial_rivers_micro_c, chequers_serial_rivers_small_a,
          chequers_serial_rivers_micro_e, chequers_serial_rivers_micro_d,
          chequers_serial_rivers_marsh, chequers_serial_rivers_micro_c,
          cheibrodos_gnoll_hut

Skill      XL: |  1  2  3  4 |
---------------+-------------+-----
Ranged Weapons | 3 4 5 |  5.6
Fighting       | 2 3 |  3.2
Dodging        | |  2.1
Spellcasting   | |  1.0
Hexes          | |  2.0

Action                     |  1- 3 |  4- 6 || total
---------------------------+-------+-------++-------
   Fire: Sling             |   129 |    82 ||   211
    Use: Scroll            |     8 |     3 ||    11
         Potion            |     3 |     3 ||     6
 Armour: Robe              |     9 |       ||     9
         Leather armour    |       |     7 ||     7
  Dodge: Dodged            |    33 |    33 ||    66

Table legend:
 A = Non-vault XP
 B = Vault XP
 C = Vault XP percentage of total XP
 D = Non-vault monster count
 E = Vault monster count
 F = Vault count percentage of total count
                 A         B        C        D         E       F
            +---------+---------+-------+---------+---------+-------
      Total |     268 |       6 |   2.2 |      67 |       4 |   5.6
            +---------+---------+-------+---------+---------+-------
        D:1 |      38 |       6 |  13.6 |      21 |       4 |  16.0
        D:2 |      34 |       0 |   0.0 |      16 |       0 |   0.0
        D:3 |      69 |       0 |   0.0 |      18 |       0 |   0.0
        D:4 |     127 |       0 |   0.0 |      12 |       0 |   0.0
            +---------+---------+-------+---------+---------+-------
